TOP OF THE 1ST |
Springfield Simpsons batting - Pitching for Buffalo LightSabres : RHP Jorge Madrigal
|
Pitching: RHP Jorge Madrigal
|
|
Batting: RHB Ramón Padilla
|
0-0: Called Strike 0-1: Ball 1-1: Ball 2-1: Ball 3-1: Called Strike 3-2: Base on Balls
|
Batting: LHB Simão Polido
|
0-0: Called Strike Ramón Padilla is caught stealing 2nd base 0-1: Swinging Strike 0-2: Ball 1-2: Ball 2-2: Strikes out swinging
|
Batting: RHB Marcos Castillo
|
0-0: Called Strike 0-1: SINGLE (Flyball, 89S)
|
Batting: LHB Mitchell Oglethorpe
|
0-0: Ball 1-0: Called Strike 1-1: Fly out, F7 (Flyball, 7D)
|
Top of the 1st over - 0 run(s), 1 hit(s), 0 error(s), 1 left on base; Springfield 0 - Buffalo 0 |
BOTTOM OF THE 1ST |
Buffalo LightSabres batting - Pitching for Springfield Simpsons : LHP Manuel Encarnación
|
Pitching: LHP Manuel Encarnación
|
|
Batting: SHB Manuel Jiménez
|
0-0: Ball 1-0: Called Strike 1-1: Bunted foul 1-2: Ball 2-2: Foul Ball, location: 2F 2-2: Ball 3-2: Base on Balls
|
Batting: RHB Júlio López
|
0-0: Ball 1-0: DOUBLE (Line Drive, 7LM) Manuel Jiménez to third
|
Batting: RHB Mario Solís
|
0-0: Ball 1-0: Foul Ball, location: 2F 1-1: Foul Ball, location: 2F 1-2: Foul Ball, location: 2F 1-2: Foul Ball, location: 2F 1-2: Foul Ball, location: 2F 1-2: Ball 2-2: Foul Ball, location: 2F 2-2: Ball 3-2: Base on Balls
|
Batting: SHB Javier Jiménez
|
0-0: Called Strike 0-1: SINGLE (Flyball, 89S) Manuel Jiménez scores Júlio López to third Mario Solís to second
|
Batting: LHB Rob Davidson
|
0-0: Ball 1-0: Called Strike 1-1: Called Strike 1-2: Strikes out swinging
|
Batting: RHB Armando Gusmán
|
0-0: Swinging Strike 0-1: Ball 1-1: Foul Ball, location: 2F 1-2: Foul Ball, location: 2F 1-2: Fly out, F9 (Flyball, 9S) Runner from 3rd tags up, SCORES, throw made
|
Batting: SHB Jason Mason
|
0-0: TRIPLE (Flyball, 9LM) Mario Solís scores Javier Jiménez scores
|
Batting: RHB Tex Badger
|
0-0: Called Strike 0-1: Foul Ball, location: 2F 0-2: Foul Ball, location: 2F 0-2: Ball 1-2: Foul Ball, location: 2F 1-2: Strikes out swinging
|
Bottom of the 1st over - 4 run(s), 3 hit(s), 0 error(s), 1 left on base; Springfield 0 - Buffalo 4 |
TOP OF THE 2ND |
Springfield Simpsons batting - Pitching for Buffalo LightSabres : RHP Jorge Madrigal
|
Batting: RHB José Velázquez
|
0-0: SINGLE (Line Drive, 7S)
|
Batting: RHB Gustavo Rodríguez
|
0-0: Ground out 4-3 (Groundball, 4) José Velázquez to second
|
Batting: RHB Taylor Justice
|
0-0: Swinging Strike 0-1: Ball 1-1: Called Strike 1-2: Fly out, F8 (Flyball, 8LD) Runner from 2nd tags up, SAFE at 3rd, no throw
|
Batting: RHB Greg Carpenter
|
0-0: Called Strike 0-1: Ball 1-1: Ball Wild Pitch! José Velázquez scores 2-1: Fly out, F9 (Flyball, 89M)
|
Top of the 2nd over - 1 run(s), 1 hit(s), 0 error(s), 0 left on base; Springfield 1 - Buffalo 4 |
BOTTOM OF THE 2ND |
Buffalo LightSabres batting - Pitching for Springfield Simpsons : LHP Manuel Encarnación
|
Batting: RHB Alfredo Villegas
|
0-0: Called Strike 0-1: Foul Ball, location: 2F 0-2: Ground out 6-3 (Groundball, 56)
|
Batting: SHB Manuel Jiménez
|
0-0: Foul Ball, location: 2F 0-1: Ground out 6-3 (Groundball, 56)
|
Batting: RHB Júlio López
|
0-0: Ball 1-0: Ball 2-0: Ball 3-0: Base on Balls
|
Batting: RHB Mario Solís
|
0-0: Ball 1-0: Ball 2-0: Called Strike 2-1: Called Strike 2-2: Strikes out looking
|
Bottom of the 2nd over - 0 run(s), 0 hit(s), 0 error(s), 1 left on base; Springfield 1 - Buffalo 4 |
TOP OF THE 3RD |
Springfield Simpsons batting - Pitching for Buffalo LightSabres : RHP Jorge Madrigal
|
Batting: RHB Tomás Galindo
|
0-0: Ball 1-0: Foul Ball, location: 2F 1-1: Swinging Strike 1-2: Ball 2-2: Foul Ball, location: 2F 2-2: Ball 3-2: Ground out 6-3 (Groundball, 4M)
|
Batting: RHB Ramón Padilla
|
0-0: Called Strike 0-1: Foul Ball, location: 2F 0-2: Foul Ball, location: 2F 0-2: Ball 1-2: SINGLE (Flyball, 9LM)
|
Batting: LHB Simão Polido
|
0-0: Ball 1-0: Called Strike 1-1: Ball 2-1: Foul Ball, location: 2F 2-2: Strikes out swinging
|
Batting: RHB Marcos Castillo
|
0-0: Ground out 3-1 (Groundball, 34)
|
Top of the 3rd over - 0 run(s), 1 hit(s), 0 error(s), 1 left on base; Springfield 1 - Buffalo 4 |
BOTTOM OF THE 3RD |
Buffalo LightSabres batting - Pitching for Springfield Simpsons : LHP Manuel Encarnación
|
Batting: SHB Javier Jiménez
|
0-0: Ball 1-0: Ball 2-0: Ball 3-0: Called Strike 3-1: Base on Balls
|
Batting: LHB Rob Davidson
|
0-0: Foul Ball, location: 2F 0-1: Foul Ball, location: 2F 0-2: SINGLE (Line Drive, 4MD) Javier Jiménez to second
|
Batting: RHB Armando Gusmán
|
0-0: Called Strike 0-1: Fielders Choice at 2nd, 4-6 (Groundball, 4) Javier Jiménez to third
|
Batting: SHB Jason Mason
|
0-0: Ball 1-0: Ball 2-0: Called Strike 2-1: Foul Ball, location: 2F 2-2: Ball 3-2: SINGLE (Line Drive, 6D) Javier Jiménez scores Armando Gusmán to second
|
Batting: RHB Tex Badger
|
0-0: Ball 1-0: Called Strike 1-1: Called Strike Armando Gusmán steals 3rd base Jason Mason to second 1-2: SINGLE (Line Drive, 4D) Armando Gusmán scores Jason Mason to third
|
Pitching: LHP Ben Couch
|
|
Batting: RHB Alfredo Villegas
|
0-0: Foul Ball, location: 2F 0-1: Ball 1-1: Ball 2-1: Ball 3-1: 3-RUN HOME RUN (Flyball, 7D), Distance : 388 ft
|
Batting: SHB Manuel Jiménez
|
0-0: Foul Ball, location: 2F 0-1: Ground out 5-3 (Groundball, 5)
|
Batting: RHB Júlio López
|
0-0: Ball 1-0: SINGLE (Flyball, 7S) - OUT at second base trying to stretch hit.
|
Bottom of the 3rd over - 5 run(s), 5 hit(s), 0 error(s), 0 left on base; Springfield 1 - Buffalo 9 |
TOP OF THE 4TH |
Springfield Simpsons batting - Pitching for Buffalo LightSabres : RHP Jorge Madrigal
|
Batting: LHB Mitchell Oglethorpe
|
0-0: Called Strike 0-1: Called Strike 0-2: Ball 1-2: Ball 2-2: Strikes out swinging
|
Batting: RHB José Velázquez
|
0-0: Swinging Strike 0-1: Ball 1-1: Ball 2-1: Ball 3-1: Base on Balls
|
Batting: RHB Gustavo Rodríguez
|
0-0: Ball 1-0: Called Strike 1-1: Ball 2-1: Foul Ball, location: 2F 2-2: Ball 3-2: Base on Balls José Velázquez to second
|
Batting: RHB Taylor Justice
|
0-0: Ball 1-0: Fly out, F9 (Flyball, 9S) Lined into DP, 9-6 (Flyball, 9S)
|
Top of the 4th over - 0 run(s), 0 hit(s), 0 error(s), 1 left on base; Springfield 1 - Buffalo 9 |
BOTTOM OF THE 4TH |
Buffalo LightSabres batting - Pitching for Springfield Simpsons : LHP Ben Couch
|
Batting: RHB Mario Solís
|
0-0: Swinging Strike 0-1: Foul Ball, location: 2F 0-2: Fly out, F9 (Flyball, 9D)
|
Batting: SHB Javier Jiménez
|
0-0: Fly out, F6 (Popup, 6)
|
Batting: LHB Rob Davidson
|
0-0: Called Strike 0-1: Foul Ball, location: 2F 0-2: Strikes out swinging
|
Bottom of the 4th over - 0 run(s), 0 hit(s), 0 error(s), 0 left on base; Springfield 1 - Buffalo 9 |
TOP OF THE 5TH |
Springfield Simpsons batting - Pitching for Buffalo LightSabres : RHP Jorge Madrigal
|
Batting: RHB Greg Carpenter
|
0-0: Ball 1-0: SINGLE (Groundball, 6MD)
|
Batting: RHB Tomás Galindo
|
0-0: Called Strike 0-1: 2-RUN HOME RUN (Flyball, 7D), Distance : 371 ft
|
Batting: RHB Ramón Padilla
|
0-0: Ball 1-0: Ball 2-0: Called Strike 2-1: Ground out 4-3 (Groundball, 4)
|
Batting: LHB Simão Polido
|
0-0: SINGLE (Groundball, 34D)
|
Batting: RHB Marcos Castillo
|
0-0: Called Strike 0-1: Ball 1-1: Called Strike 1-2: Foul Ball, location: 2F 1-2: Ball Simão Polido steals 2nd base 2-2: Foul Ball, location: 2F 2-2: Foul Ball, location: 2F 2-2: Foul Ball, location: 2F 2-2: Strikes out swinging
|
Batting: LHB Mitchell Oglethorpe
|
0-0: Foul Ball, location: 2F 0-1: Ball 1-1: Ball 2-1: Ball 3-1: Called Strike 3-2: Foul Ball, location: 2F 3-2: Base on Balls
|
Pitching: RHP Alfredo Ayala
|
|
Batting: RHB José Velázquez
|
0-0: Foul Ball, location: 2F 0-1: Ball 1-1: Foul Ball, location: 2F 1-2: Fielders Choice at 2nd, 5-4 (Groundball, 5)
|
Top of the 5th over - 2 run(s), 3 hit(s), 0 error(s), 1 left on base; Springfield 3 - Buffalo 9 |
BOTTOM OF THE 5TH |
Buffalo LightSabres batting - Pitching for Springfield Simpsons : LHP Ben Couch
|
Batting: RHB Armando Gusmán
|
0-0: SINGLE (Groundball, 3D)
|
Batting: SHB Jason Mason
|
0-0: Called Strike 0-1: Ball 1-1: Foul Ball, location: 2F 1-2: Ball 2-2: Ball 3-2: Strikes out looking
|
Batting: RHB Tex Badger
|
0-0: Swinging Strike 0-1: Grounds into double play, 1-4-3 (Groundball, 15)
|
Bottom of the 5th over - 0 run(s), 1 hit(s), 0 error(s), 0 left on base; Springfield 3 - Buffalo 9 |
TOP OF THE 6TH |
Springfield Simpsons batting - Pitching for Buffalo LightSabres : RHP Alfredo Ayala
|
Batting: RHB Gustavo Rodríguez
|
0-0: Ball 1-0: Foul Ball, location: 2F 1-1: Swinging Strike 1-2: Ball 2-2: SINGLE (Flyball, 6MD)
|
Batting: RHB Taylor Justice
|
0-0: Called Strike 0-1: SINGLE (Groundball, 34D) Gustavo Rodríguez to second Runner from 2nd tries for 3rd, SAFE, throw made to third Taylor Justice to second
|
Batting: RHB Greg Carpenter
|
0-0: Called Strike 0-1: Ball 1-1: Swinging Strike 1-2: Strikes out swinging
|
Batting: RHB Tomás Galindo
|
0-0: Called Strike 0-1: Swinging Strike 0-2: Ball 1-2: Ball 2-2: SINGLE (Groundball, 56S) (infield hit) Gustavo Rodríguez scores Taylor Justice to third
|
Batting: RHB Ramón Padilla
|
0-0: Ball 1-0: Foul Ball, location: 2F 1-1: Fielders Choice at 2nd, 6-4 (Groundball, 56) Taylor Justice scores
|
Pitching: RHP Travis Whitney
|
|
Batting: LHB Simão Polido
|
0-0: Ball 1-0: Foul Ball, location: 2F 1-1: Fielders Choice at 2nd, 4-6 (Groundball, 4)
|
Top of the 6th over - 2 run(s), 3 hit(s), 0 error(s), 0 left on base; Springfield 5 - Buffalo 9 |
BOTTOM OF THE 6TH |
Buffalo LightSabres batting - Pitching for Springfield Simpsons : LHP Ben Couch
|
Batting: RHB Alfredo Villegas
|
0-0: Called Strike 0-1: Ball 1-1: Ball 2-1: Ball 3-1: Foul Ball, location: 2F 3-2: Fly out, F6 (Popup, 6)
|
Batting: SHB Manuel Jiménez
|
0-0: Ball 1-0: Ball 2-0: Fly out, F3 (Popup, 3D)
|
Batting: RHB Júlio López
|
0-0: Called Strike 0-1: Foul Ball, location: 2F 0-2: Strikes out swinging
|
Bottom of the 6th over - 0 run(s), 0 hit(s), 0 error(s), 0 left on base; Springfield 5 - Buffalo 9 |
TOP OF THE 7TH |
Springfield Simpsons batting - Pitching for Buffalo LightSabres : RHP Travis Whitney
|
Batting: RHB Marcos Castillo
|
0-0: Ball 1-0: Fly out, F9 (Flyball, 9S)
|
Batting: LHB Mitchell Oglethorpe
|
0-0: Called Strike 0-1: Ball 1-1: Ball 2-1: Called Strike 2-2: Ball 3-2: SINGLE (Groundball, 34D)
|
Batting: RHB José Velázquez
|
0-0: Called Strike 0-1: Swinging Strike 0-2: Strikes out swinging
|
Batting: RHB Gustavo Rodríguez
|
0-0: Ball 1-0: Ball 2-0: Foul Ball, location: 2F 2-1: Ball 3-1: Foul Ball, location: 2F 3-2: Foul Ball, location: 2F 3-2: Base on Balls Mitchell Oglethorpe to second
|
Batting: RHB Taylor Justice
|
0-0: Called Strike 0-1: Ball 1-1: Swinging Strike 1-2: Strikes out swinging
|
Top of the 7th over - 0 run(s), 1 hit(s), 0 error(s), 2 left on base; Springfield 5 - Buffalo 9 |
BOTTOM OF THE 7TH |
Buffalo LightSabres batting - Pitching for Springfield Simpsons : LHP Ben Couch
|
Batting: RHB Mario Solís
|
0-0: Ball 1-0: Ball 2-0: Ground out 5-3 (Groundball, 56S)
|
Batting: SHB Javier Jiménez
|
0-0: Ball 1-0: Foul Ball, location: 2F 1-1: Called Strike 1-2: SINGLE (Line Drive, 4MD)
|
Batting: LHB Rob Davidson
|
0-0: Ball 1-0: Ball 2-0: Fly out, F8 (Flyball, 8RM)
|
Batting: RHB Armando Gusmán
|
0-0: Fielders Choice at 2nd, 4-6 (Groundball, 4)
|
Bottom of the 7th over - 0 run(s), 1 hit(s), 0 error(s), 0 left on base; Springfield 5 - Buffalo 9 |
TOP OF THE 8TH |
Springfield Simpsons batting - Pitching for Buffalo LightSabres : RHP Travis Whitney
|
Batting: RHB Greg Carpenter
|
0-0: Called Strike 0-1: Ball 1-1: Ball 2-1: Ball 3-1: Base on Balls
|
Batting: RHB Tomás Galindo
|
0-0: Ball 1-0: Fly out, F8 (Flyball, 8RS)
|
Batting: RHB Ramón Padilla
|
0-0: Ball 1-0: Fielders Choice at 2nd, 1-6 (Groundball, 13S)
|
Batting: LHB Simão Polido
|
0-0: Ball 1-0: Ball 2-0: Called Strike 2-1: Swinging Strike 2-2: Strikes out swinging
|
Top of the 8th over - 0 run(s), 0 hit(s), 0 error(s), 1 left on base; Springfield 5 - Buffalo 9 |
BOTTOM OF THE 8TH |
Buffalo LightSabres batting - Pitching for Springfield Simpsons : LHP Ben Couch
|
Batting: SHB Jason Mason
|
0-0: Called Strike 0-1: Fly out, F7 (Flyball, 7S)
|
Batting: RHB Tex Badger
|
0-0: Called Strike 0-1: Ball 1-1: Foul Ball, location: 2F 1-2: Foul Ball, location: 2F 1-2: Strikes out swinging
|
Batting: RHB Alfredo Villegas
|
0-0: Swinging Strike 0-1: Fly out, F8 (Flyball, 8LM)
|
Bottom of the 8th over - 0 run(s), 0 hit(s), 0 error(s), 0 left on base; Springfield 5 - Buffalo 9 |
TOP OF THE 9TH |
Springfield Simpsons batting - Pitching for Buffalo LightSabres : RHP Travis Whitney
|
Pitching: RHP Howard Jewel
|
|
Batting: RHB Marcos Castillo
|
0-0: Called Strike 0-1: Ball 1-1: Fly out, F4 (Line Drive, 4MD)
|
Batting: LHB Mitchell Oglethorpe
|
0-0: Called Strike 0-1: Ball 1-1: Called Strike 1-2: Strikes out swinging
|
Batting: RHB José Velázquez
|
0-0: Ball 1-0: SINGLE (Flyball, 8RS)
|
Batting: RHB Gustavo Rodríguez
|
0-0: Ball 1-0: SINGLE (Line Drive, 6D) José Velázquez to second
|
Pitching: RHP Gavin Robbins
|
|
Batting: RHB Taylor Justice
|
0-0: Foul Ball, location: 2F 0-1: Fly out, F4 (Popup, 34D)
|
Top of the 9th over - 0 run(s), 2 hit(s), 0 error(s), 2 left on base; Springfield 5 - Buffalo 9 |
|